Map: Catalyst LE

Players

DnS - Winner!

  • Race: Protoss Protoss
  • Spawn Location: 5:00

JonSnow

  • Race: Zerg Zerg
  • Spawn Location: 11:00

Event: WCS Leipzig 2018

VOD

Have the link to the VOD?

Description

Time

  • Played on: Jan. 26, 2018, 7:05 a.m.
  • Length: 8:18

All games in this series

Show
View Real Time Build Order
Export as new Build Order

DnS Protoss - Winner!

Build Orders: 1 Gate Expand, Zealot Archon, Archon Drop, Dark Templar Rush 

Get SALT Encoding   

  12  0:00  Probe  
  13  0:12  Probe  
  14  0:20  Pylon  
  14  0:24  Probe  
  15  0:38  Probe (Chrono Boost)  
  15  0:42  Gateway  
  16  0:47  Probe (Chrono Boost)  
  16  0:48  Assimilator  
  17  0:52  Probe (Chrono Boost)  
  18  1:04  Probe  
  19  1:16  Probe  
  20  1:23  Nexus  
  20  1:34  Cybernetics Core  
  20  1:37  Probe  
  21  1:43  Assimilator  
  21  1:49  Probe  
  21  1:52  Pylon  
  23  2:01  Probe  
  23  2:09  Adept (Chrono Boost)  
  23  2:11  Warp Gate  
  23  2:13  Probe  
  26  2:23  Twilight Council  
  26  2:25  Probe (Chrono Boost)  
  27  2:34  Stalker  
  27  2:37  Probe (Chrono Boost)  
  30  2:40  Probe (Chrono Boost)  
  32  2:45  Probe (Chrono Boost)  
  32  2:48  Probe (Chrono Boost)  
  33  2:52  Probe (Chrono Boost)  
  33  2:54  Probe  
  36  3:05  Probe (Chrono Boost)  
  36  3:06  Probe (Chrono Boost)  
  36  3:08  Robotics Facility  
  37  3:18  Probe (Chrono Boost)  
  39  3:21  Probe (Chrono Boost)  
  39  3:23  Dark Shrine, Probe (Chrono Boost)  
  40  3:28  Probe  
  40  3:32  Probe  
  42  3:41  Gateway  
  42  3:48  Gateway  
  42  3:50  Gateway  
  42  3:51  Warp Prism (Chrono Boost)  
  44  3:56  Probe  
  44  3:57  Probe  
  44  3:58  Pylon  
  44  4:01  Assimilator  
  46  4:04  Assimilator  
  46  4:14  Pylon  
  46  4:16  Probe x2  
  48  4:17  Zealot  
  48  4:23  Pylon  
  50  4:28  Probe  
  51  4:32  Probe  
  52  4:44  Probe  
  51  4:46  Probe  
  51  4:49  Dark Templar x4  
  60  4:57  Nexus  
  60  5:03  Probe  
  61  5:12  Probe  
  62  5:16  Probe  
  62  5:17  Observer (Chrono Boost)  
  64  5:24  Pylon  
  64  5:26  Pylon  
  64  5:30  Charge (Chrono Boost)  
  64  5:31  Gateway  
  64  5:32  Gateway  
  64  5:34  Gateway, Immortal (Chrono Boost)  
  68  5:45  Shield Battery, Sentry x4  
  68  5:49  Archon x2  
  76  5:56  Pylon  
  76  5:57  Pylon  
  76  6:02  Immortal (Chrono Boost)  
  80  6:09  Zealot x2, Dark Templar  
  82  6:14  Zealot  
  80  6:23  Probe x3  
  80  6:35  Probe x2  
  80  6:36  Probe  
  83  6:43  Zealot x4  
  91  6:52  Zealot x3  
  97  6:54  Gateway  
  97  7:00  Probe x2  
  99  7:01  Shield Battery  
  99  7:03  Pylon  
  99  7:08  Sentry  
  99  7:09  Stalker, Sentry, Zealot  
  99  7:12  Probe  
  99  7:14  Probe x2  
  110  7:22  Pylon  
  110  7:24  Dark Templar x3  
  110  7:28  Archon x2  
  116  7:35  Dark Templar x2  
  120  7:40  Probe  
  120  7:41  Probe  
  120  7:42  Pylon  
  122  7:51  Zealot x3  
  126  8:02  Dark Templar  
  126  8:03  Zealot x2  
Show
View Real Time Build Order
Export as new Build Order

JonSnow Zerg 

Build Orders: Hatch First 

Get SALT Encoding   

  12  0:00  Drone  
  13  0:13  Overlord  
  13  0:17  Drone  
  14  0:31  Drone x2  
  16  0:49  Hatchery  
  15  0:54  Drone  
  15  0:56  Drone  
  17  1:00  Drone  
  18  1:05  Extractor  
  17  1:17  Spawning Pool  
  16  1:21  Drone  
  16  1:25  Drone  
  18  1:30  Drone  
  19  1:40  Overlord  
  19  1:51  Drone  
  20  2:05  Drone x2, Queen  
  24  2:09  Metabolic Boost  
  24  2:17  Zergling x2  
  24  2:19  Queen  
  24  2:21  Drone  
  28  2:24  Drone  
  28  2:28  Zergling x2  
  30  2:43  Drone x2  
  32  2:47  Hatchery  
  31  2:55  Zergling x4  
  32  3:01  Queen  
  32  3:05  Overlord  
  34  3:07  Drone  
  35  3:19  Overlord  
  35  3:24  Drone x5  
  40  3:28  Drone x3  
  40  3:32  Overlord  
  43  3:37  Drone  
  44  3:43  Queen  
  44  3:47  Lair  
  46  3:53  Overlord  
  46  3:54  Drone x2  
  48  3:56  Drone  
  48  3:59  Drone x2  
  51  4:03  Drone x2  
  51  4:05  Extractor  
  51  4:06  Extractor  
  51  4:11  Roach Warren  
  51  4:14  Drone x2  
  51  4:15  Drone  
  53  4:20  Queen  
  53  4:24  Overlord  
  55  4:27  Drone x2  
  54  4:45  Overseer  
  54  4:52  Roach x4  
  62  4:53  Roach x6  
  70  5:10  Roach x2  
  70  5:11  Roach x2, Zergling x4  
  74  5:16  Drone x2  
  74  5:21  Drone  
  74  5:22  Drone  
  74  5:24  Glial Reconstitution  
  74  5:26  Drone  
  77  5:34  Zergling x8  
  81  5:41  Drone  
  82  5:43  Overseer  
  82  5:44  Overlord  
  82  5:46  Overlord  
  82  5:52  Overlord  
  82  5:55  Overseer  
  82  6:00  Overlord  
  82  6:03  Roach x4  
  90  6:17  Drone  
  90  6:18  Drone x7  
  92  6:24  Drone  
  88  6:27  Queen  
  83  6:33  Drone x2  
  83  6:34  Drone  
  83  6:36  Extractor  
  83  6:38  Evolution Chamber  
  84  6:41  Hatchery  
  84  6:47  Drone x5  
  84  6:48  Drone, Hydralisk Den  
  84  6:51  Zergling x4  
  90  6:58  Extractor x2  
  90  7:00  Overlord  
  88  7:04  Queen  
  89  7:08  Drone x2  
  89  7:09  Drone x6  
  89  7:12  Zergling x2  
  98  7:19  Overlord  
  98  7:24  Hydralisk x2  
  98  7:26  Ravager x2  
  98  7:27  Ravager x2  
  106  7:32  Hydralisk x2  
  106  7:35  Roach  
  112  7:37  Hydralisk x2  
  114  7:44  Hydralisk x2  
  114  7:47  Zergling x2  
  114  7:48  Zergling x6  
  122  7:56  Overseer  
Tags
 
Add a new tag
Caveats
  • Supply blocks, unpowered buildings, or Contaminate may cause inaccurate times.
  • Supply counts are checked every 10 seconds.